AoeStats
← Xilex

Fortress

510043182Analyzed
2v2 RM · 2d ago on Sep 29, 2026· 56m 15s· 4 players
Game mode
Random Map
Map size
Normal (6 player)
Population
200
Speed
Normal
Resources
Standard
Victory
Conquest
Starting age
Dark Age
Ending age
Imperial Age
RankedLock teamsTeams togetherTeam positionsShared explorationLock speedFull tech treeHidden civsTurbo modeCheats
Victory
Defeat
🇹🇼 Japanese · Taiwan
1318
+13
🇲🇾 Danes · Malaysia
1290
+14
🇺🇸 Burmese · United States
1272
-14
🇺🇸 Danes · United States
1232
-13
Xilex
8:38 Feudal Age
12:38 Castle Age
13:22 Fletching
13:33 Padded Archer Armor
13:57 Double-Bit Axe
14:28 Bodkin Arrow
17:16 Loom
21:11 Bow Saw
22:08 Ballistics
23:43 Wheelbarrow
25:12 Gold Mining
29:08 Imperial Age
26:45 Horse Collar
27:30 Scale Mail Armor
27:43 Forging
29:29 Chain Mail Armor
29:50 Iron Casting
29:50 Cranequins
30:42 Heavy Plow
32:37 Conscription
31:49 Man-at-Arms
32:15 Gambesons
32:30 Squires
33:19 Bracer
34:20 Blast Furnace
33:51 Plate Mail Armor
33:03 Long Swordsman
33:29 Arson
34:03 Two-Handed Swordsman
36:18 Champion
42:16 Hand Cart
43:12 Town Watch
45:33 Gold Shaft Mining
48:57 Conscription
48:06 Hamask
51:08 Leather Archer Armor
50:54 Stone Mining
52:19 Heavy Mounted Crossbowman
53:04 Thumb Ring
53:08 Capped Ram
56:24 Masonry
Boleslaw
7:48 Feudal Age
11:55 Castle Age
10:18 Horse Collar
18:33 Heavy Plow
19:20 Wheelbarrow
18:33 Loom
18:35 Town Watch
19:19 Gold Mining
22:00 Padded Archer Armor
27:00 Imperial Age
26:06 Ballistics
26:49 Hand Cart
27:13 Husbandry
27:23 Bloodlines
28:24 Crop Rotation
28:18 Elite Arambai
31:00 Scale Barding Armor
31:06 Forging
31:54 Howdah
32:15 Conscription
35:22 Chain Barding Armor
36:42 Elite Battle Elephant
38:45 Chemistry
38:23 Plate Barding Armor
44:44 Capped Ram
45:16 Light Cavalry
50:24 Pikeman
51:04 Squires
50:52 Arson
51:09 Scale Mail Armor
53:04 Fletching
53:31 Elite Skirmisher
No_English
7:14 Feudal Age
10:51 Castle Age
9:22 Double-Bit Axe
9:34 Horse Collar
12:31 Bow Saw
12:59 Heavy Plow
13:53 Wheelbarrow
14:46 Loom
17:09 Gold Mining
17:15 Town Watch
17:52 Stone Mining
19:36 Hand Cart
19:47 Fletching
20:12 Elite Skirmisher
20:57 Squires
21:10 Padded Archer Armor
21:54 Ballistics
22:08 Bodkin Arrow
22:14 Scale Mail Armor
22:30 Leather Archer Armor
22:20 Gambesons
23:26 Arson
23:46 Treadmill Crane
24:23 Chain Mail Armor
28:53 Imperial Age
27:13 Thumb Ring
27:41 Forging
27:01 Pikeman
29:36 Yasama
29:59 Kataparuto
29:47 Bracer
30:44 Ring Archer Armor
31:35 Two-Man Saw
31:17 Conscription
31:39 Elite Samurai
33:53 Iron Casting
33:49 Plate Mail Armor
35:33 Chemistry
36:31 Halberdier
40:12 Yasama
40:01 Arrowslits
40:07 Guard Tower
40:13 Murder Holes
41:15 Parthian Tactics
42:11 Town Patrol
45:32 Keep
45:03 Siege Engineers
47:37 Blast Furnace
51:05 Caravan
Tintagel
8:29 Feudal Age
9:22 Double-Bit Axe
9:17 Horse Collar
10:33 Loom
12:53 Castle Age
11:54 Town Watch
12:02 Gold Mining
12:02 Stone Mining
12:15 Scale Mail Armor
19:45 Bow Saw
19:39 Heavy Plow
20:18 Wheelbarrow
21:38 Chain Mail Armor
21:13 Arson
22:41 Forging
24:01 Gold Shaft Mining
23:10 Hamask
25:22 Hand Cart
28:21 Imperial Age
28:26 Elite Jomsviking
29:27 Conscription
28:30 Elite Jomsviking
29:13 Fletching
29:54 Plate Mail Armor
30:00 Iron Casting
29:30 Squires
30:08 Ballistics
30:49 Chemistry
30:00 Masonry
30:43 Northmen's Fury
33:38 Blast Furnace
32:29 Fletching
32:57 Elite Varangian Guard
44:33 Pikeman
45:56 Halberdier
53:30 Padded Archer Armor
53:38 Siege Engineers
53:42 Crossbowman
54:28 Thumb Ring
54:50 Caravan
Connection lost

Rejoining the realm…

Still unreachable

The connection could not be restored.

Session expired

The server has moved on; the page needs a fresh start.